 Dungeon Crawl Stone Soup version 0.31-a0-740-g87205ac768 (webtiles) character file.

Game seed: 4431456484118698533

96 GigaChad the Poker (level 4, -5/35 HPs)
             Began as a Human Monk on Sept 12, 2023.
             Killed by divine providence
             ... invoked by an orc priest
              (13 damage)
             ... on level 3 of the Dungeon.
             The game lasted 00:02:21 (1623 turns).

GigaChad the Poker (Human Monk)                     Turns: 1623, Time: 00:02:21

Health: -5/35      AC:  5    Str: 14    XL:     4   Next: 98%
Magic:  4/4        EV: 11    Int: 10    God:
Gold:   121        SH:  0    Dex: 15    Spells: 3/3 levels left

rFire   . . .        a - +1 spear
rCold   . . .        d - orb {light}
rNeg    . . .        p - +0 ring mail
rPois   .            (no helmet)
rElec   .            (no cloak)
rCorr   .            (no gloves)
SInv    .            (no boots)
Will    .....        (no amulet)
Stlth   +            (no ring)
HPRegen 0.25/turn    (no ring)
MPRegen 0.09/turn

%: no passive effects
@: glowing
A: no striking features
a: no special abilities


You were on level 3 of the Dungeon.
You visited 1 branch of the dungeon, and saw 3 of its levels.
You also visited: Sewer.

You collected 121 gold pieces.

Inventory:

Hand Weapons
 a - a +1 spear (weapon)
Armour
 b - a +0 robe
 d - an orb of light (worn)
 p - a +0 ring mail (worn)
Scrolls
 e - a scroll of vulnerability
 j - 3 scrolls of amnesia {unknown}
 k - 2 scrolls of teleportation
 l - a scroll of brand weapon {unknown}
 m - 4 scrolls of identify
 u - a scroll of fear
Potions
 c - 2 potions of ambrosia
 f - a potion of heal wounds {unknown}
 g - 2 potions of curing
 h - a potion of enlightenment {unknown}
 i - a potion of resistance {unknown}
 n - a potion of attraction {unknown}
 o - a potion of degeneration {unknown}
 q - a potion of lignification {unknown}
 r - a potion of mutation {unknown}
 s - 2 potions of haste {unknown}
 t - a potion of cancellation {unknown}


   Skills:
 * Level 3.4 Fighting
 * Level 4.2 Polearms
 * Level 1.0 Armour
 * Level 3.4 Dodging
 * Level 1.0 Stealth


You had 3 spell levels left.
You didn't know any spells.
Your spell library contained the following spells:

 Spells                   Type           Power      Damage    Failure   Level
 Dazzling Flash           Conj/Hex       0%         N/A       93%         3
 Volatile Blastmotes      Fire/Tloc      0%         2d10      93%         3
 Starburst                Conj/Fire      0%         6d3       100%        6
 Maxwell's Capacitive Co  Air            0%         ∞         100%        8


Dungeon Overview and Level Annotations

Branches:
Dungeon (3/15)              Sewer (visited)

Altars:

Shops:
D:1 !

Annotations:
D:3 Sigmund


Message History

The orc priest looks braver for a moment.
An orc comes into view. It is wielding a +0 hand axe.
Unknown command.
You hit the orc.
The orc is heavily wounded.
The orc barely misses you. The orc hits you but does no damage.
Unknown command.
You hit the orc but do no damage.
The orc is heavily wounded.
The orc barely misses you. The orc completely misses you.
You hit the orc.
The orc is severely wounded.
You hit the orc.
You kill the orc!
The orc priest barely misses you. The orc misses you.
You barely miss the orc priest.
The orc priest hits you with a +0 hand axe.
The orc closely misses you. The orc barely misses you.
The orc hits you with a +0 dagger.
You are too injured to fight recklessly!
You are too injured to fight recklessly!
You are too injured to fight recklessly!
Unknown command.
You are too injured to fight recklessly!
Unknown command.
You are too injured to fight recklessly!
You are too injured to fight recklessly!
Unknown command.
You barely miss the orc priest.
The orc priest hits you with a +0 hand axe.
The orc hits you with a +0 short sword. The orc closely misses you.
The orc hits you but does no damage.
Sigmund hits you from afar with a +0 scythe.
* * * LOW HITPOINT WARNING * * *
Unknown command.
You hit the orc priest.
The orc priest is heavily wounded.
The orc priest invokes the aid of Beogh against you.
Beogh smites you!
You die...

.#.# .## #..# #.. ....
.... ....# ...!. ...
....# .#...##.# ...#
?..#...@###...### ...
......)oo........ ...
...[..o@o......## #..
................. #..
.#....###....### #..
.#..#####....# ####..
.............# ##.....
.#...####.#.## ##......
##..###..#.#####.......
###......##....<........
........##.......>......


You could see Sigmund, an orc priest and 3 orcs.

Vanquished Creatures
  4 adders (Sewer)
  A worm (D:3)
  A dart slug (D:1)
  An orc (D:3)
  4 endoplasms
  5 giant cockroaches
  5 goblins
  2 hobgoblins
  5 quokkas
  3 ball pythons
  4 bats
  12 frilled lizards
  3 kobolds (D:1)
  7 rats
57 creatures vanquished.

Notes
Turn   | Place    | Note
-------+----------+-------------------------------------------
     0 | D:1      | GigaChad the Human Monk began the quest for the Orb.
     0 | D:1      | Reached XP level 1. HP: 18/18 MP: 1/1
    48 | D:1      | Reached XP level 2. HP: 19/24 MP: 2/2
   178 | D:1      | Found Amyang's Distillery.
   277 | D:1      | Reached XP level 3. HP: 29/29 MP: 3/3
  1163 | D:3      | Found a glowing drain.
  1183 | Sewer    | Entered a sewer
  1194 | Sewer    | Reached XP level 4. HP: 35/35 MP: 4/4
  1332 | Sewer    | Reached skill level 4 in Polearms
  1403 | Sewer    | Reached skill level 1 in Stealth
  1572 | D:3      | Reached skill level 1 in Armour
  1614 | D:3      | Noticed Sigmund
  1623 | D:3      | Killed from afar by an orc priest

Illustrated notes

Levels and vault maps discovered:
D:1:      amcnicky_arrival_underground_garden, layout_rooms, serial_shops, shop,
          glass_columns_a
D:2:      layout_loops_ring, grunt_decor_junction, minivault_25,
          serial_bayou_lake_a
D:3:      layout_rooms, gup_sewer_entry_pipe, uniq_sigmund

Skill      XL: |  1  2  3  4 |
---------------+-------------+-----
Polearms       | 4 |  4.2
Stealth        | 1 |  1.0
Armour         | 1 |  1.0
Fighting       | |  3.4
Dodging        | |  3.4

Action                     |  1- 3 |  4- 6 || total
---------------------------+-------+-------++-------
  Melee: Spear             |    96 |    58 ||   154
    Use: Scroll            |     6 |       ||     6
 Armour: Robe              |    13 |       ||    13
         Ring mail         |    12 |    29 ||    41
  Dodge: Dodged            |    38 |    28 ||    66

Table legend: (Time is in decaauts)
 A = Elapsed time spent in this place.
 B = Non-inter-level travel time spent in this place.
 C = Inter-level travel time spent in this place.
 D = Time resting spent in this place.
 E = Time spent auto-exploring this place.
 F = Levels seen in this place.
 G = Mean time per level.
                   A        B        C        D        E       F      G
               +--------+--------+--------+--------+--------+-----+--------+
         Total |   1672 |   1616 |     56 |     30 |   1243 |   4 |  418.0 |
       Dungeon |   1268 |   1212 |     56 |     30 |    950 |   3 |  422.7 |
         Sewer |    404 |    404 |      0 |      0 |    292 |   1 |  404.0 |
               +--------+--------+--------+--------+--------+-----+--------+

Top non-repeatable levels by time:
     D:2: 738 daAuts
   Sewer: 404 daAuts
     D:1: 352 daAuts
     D:3: 177 daAuts
